 Dungeon Crawl Stone Soup version 0.24-a0-251-g44e327e (webtiles) character file.

Game seed: 16003516769438248486

39 Ijustatesigmund the Chopper (level 3, 0/26 HPs)
             Began as an Octopode Fighter on Apr 16, 2019.
             Slain by an adder (4 damage)
             ... on level 2 of the Dungeon.
             The game lasted 00:01:28 (864 turns).

Ijustatesigmund the Chopper (Octopode Fighter)       Turns: 864, Time: 00:01:29

Health: 0/26       AC:  1    Str: 15    XL:     3   Next: 47%
Magic:  3/3        EV: 11    Int: 10    God:
Gold:   15         SH:  8    Dex: 12    Spells: 2/2 levels left

rFire    . . .     SeeInvis .   a - +0 war axe
rCold    . . .     Gourm    .   b - +0 shield
rNeg     . . .     Faith    .   (helmet restricted)
rPois    .         Spirit   .   (no amulet)
rElec    .         Reflect  .   (no ring)
rCorr    .         Harm     .   (no ring)
MR       .....                  (no ring)
Stlth    ++........             (no ring)
HPRegen  0.08/turn              (no ring)
MPRegen  0.08/turn              (no ring)
                                (no ring)
                                (no ring)

@: lethally poisoned (0 -> -9)
A: almost no armour, stealthy swim, amphibious, 8 rings, constrict 8, camouflage
1, gelatinous body 1
a: no special abilities


You were on level 2 of the Dungeon.
You were not hungry.

You visited 1 branch of the dungeon, and saw 2 of its levels.

You collected 15 gold pieces.

Inventory:

Hand Weapons
 a - a +0 war axe (weapon)
Armour
 b - a +0 shield (worn)
Potions
 c - a potion of might
 g - a potion of brilliance {unknown}
 i - a potion of heal wounds {unknown}
Comestibles
 d - 2 rations


   Skills:
 - Level 3.0 Fighting
 + Level 3.8 Axes
 - Level 3.0 Dodging
 - Level 3.0 Shields


You had 2 spell levels left.
You didn't know any spells.
Your spell library was empty.

Dungeon Overview and Level Annotations

Branches:
Dungeon (2/15)

Altars:


Innate Abilities, Weirdness & Mutations

You cannot wear most types of armour.
You are very stealthy in the water. (Stealth+)
You are amphibious.
You can wear up to eight rings at the same time.
You can use your tentacles to constrict eight enemies at once.
Your skin changes colour to match your surroundings (Stealth+).
Your rubbery body absorbs attacks. (AC +1, EV +1)


Message History

The adder is severely wounded.
You closely miss the giant cockroach. The adder bites you.
The giant cockroach bites you. The adder bites you but does no damage.
You completely miss the adder. Your grab misses the adder.
The adder is severely wounded.
You slash the giant cockroach!
You kill the giant cockroach!
The adder bites you.
You are poisoned.
The adder poisons you! The adder bites you.
* * * LOW HITPOINT WARNING * * *
You closely miss the adder. Your grab misses the adder.
Your squeeze misses the adder.
The adder is severely wounded.
* * * LOW HITPOINT WARNING * * *
You feel sick. The adder bites you.
* * * LOW HITPOINT WARNING * * *
You are more poisoned.
The adder poisons you! The adder bites you.
You die...

#. #.#
#.###.#
#.....#
#.....#
#.....#
#.....#
#...†S#
##.#@#
#....#
.....#.<#
.......##
###.#.# #
#. #. ##


You could see an adder.

Vanquished Creatures
  2 oozes (D:1)
  A leopard gecko (D:1)
  2 giant cockroaches
  4 goblins (D:1)
  A hobgoblin (D:1)
  8 jackals (D:1)
  2 bats
  A frilled lizard (D:1)
  2 kobolds (D:1)
  3 rats
26 creatures vanquished.

Notes
Turn   | Place    | Note
-------+----------+-------------------------------------------
     0 | D:1      | Ijustatesigmund the Octopode Fighter began the quest for
                  | the Orb.
     0 | D:1      | Reached XP level 1. HP: 16/16 MP: 1/1
    62 | D:1      | Reached XP level 2. HP: 12/21 MP: 2/2
   155 | D:1      | Reached XP level 3. HP: 4/26 MP: 3/3
   155 | D:1      | HP: 1/26 [frilled lizard (3)]
   864 | D:2      | Slain by an adder

Levels and vault maps discovered:
D:1:      roderic_chinese_lattice_arrival, layout_basic
D:2:      layout_loops_ring, minmay_misc_feat_doors, minmay_misc_feat_rugged

Skill      XL: |  1  2 |
---------------+-------+-----
Axes           | 3 |  3.8
Fighting       | |  3.0
Dodging        | |  3.0
Shields        | |  3.0

Action                   || total
-------------------------++-------
Melee: War axe           ||    46
       Constrict         ||     7
       Tentacles         ||     7
  Use: Scroll            ||     2
       Potion            ||     1
 Stab: Sleeping          ||     1
Armor: Skin              ||    10
Dodge: Dodged            ||    30
Block: Shield            ||    28

Table legend:
 A = Non-vault XP
 B = Vault XP
 C = Vault XP percentage of total XP
 D = Non-vault monster count
 E = Vault monster count
 F = Vault count percentage of total count
                 A         B        C        D         E       F
            +---------+---------+-------+---------+---------+-------
      Total |      57 |       0 |   0.0 |      26 |       0 |   0.0
            +---------+---------+-------+---------+---------+-------
        D:1 |      52 |       0 |   0.0 |      23 |       0 |   0.0
        D:2 |       5 |       0 |   0.0 |       3 |       0 |   0.0
            +---------+---------+-------+---------+---------+-------
